 Dungeon Crawl Stone Soup version 0.19-a0-517-gd6a9987 (webtiles) character file.

114 tyrsky the Conjurer (level 4, -3/33 HPs)
             Began as a Draconian Conjurer on June 6, 2016.
             Killed by divine providence
             ... invoked by an orc priest
              (12 damage)
             ... on level 3 of the Dungeon.
             The game lasted 00:05:56 (2085 turns).

tyrsky the Conjurer (Draconian Conjurer)            Turns: 2085, Time: 00:05:56

Health: -3/33      AC:  6    Str: 13    XL:     4   Next: 66%
Magic:  0/7        EV: 12    Int: 16    God:
Gold:   123        SH:  0    Dex: 11    Spells: 2 memorised, 2 levels left

rFire  . . .     SeeInvis .     c - -3 dagger (curse)
rCold  . . .     Gourm    .     (armour unavailable)
rNeg   . . .     Faith    .     (no shield)
rPois  .         Spirit   .     (helmet restricted)
rElec  .         Dismiss  .     d - +0 cloak
rCorr  .         Reflect  .     (no gloves)
SustAt .         Harm     .     (no boots)
MR     .....                    (no amulet)
Stlth  ++........               (no ring)
                                l - +2 ring of strength

@: not resistant to hostile enchantments, unstealthy
A: unfitting armour, cold-blooded, AC +5
a: no special abilities


You were on level 3 of the Dungeon.
You were not hungry.

You visited 1 branch of the dungeon, and saw 3 of its levels.

You collected 123 gold pieces.

Inventory:

Hand Weapons
 c - a cursed -3 dagger (weapon)
Armour
 d - a +0 cloak (worn)
Jewellery
 g - an uncursed amulet of faith
 l - a +2 ring of strength (left hand)
 n - an uncursed amulet of rage {unknown}
Scrolls
 h - a scroll of teleportation
 m - a scroll of immolation {unknown}
Potions
 e - a potion of degeneration {unknown}
 f - a potion of flight {unknown}
 j - a potion of curing {unknown}
 k - a potion of ambrosia {unknown}
Books
 a - a book of Conjurations

   Spells                             Type                      Level
   a - Magic Dart                     Conjuration                  1
   b - Searing Ray                    Conjuration                  2
   c - Dazzling Spray                 Conjuration/Hexes            3
   d - Fulminant Prism                Conjuration/Hexes            4
   e - Iskenderun's Mystic Blast      Conjuration                  4
   f - Iskenderun's Battlesphere      Conjuration/Charms           5
Comestibles
 b - 4 bread rations
 i - 2 slices of pizza
 o - a chunk of flesh


   Skills:
 - Level 1.7 Dodging
 - Level 1.7 Stealth
 - Level 2.0 Spellcasting
 + Level 5.9 Conjurations
 + Level 1.0 Hexes


You had 2 spell levels left.
You knew the following spells:

 Your Spells              Type           Power        Failure   Level  Hunger
a - Magic Dart            Conj           ###.         1%          1    #......
b - Fulminant Prism       Conj/Hex       ##........   50%         4    #####..


Dungeon Overview and Level Annotations

Branches:
Dungeon (3/15)

Altars:
Cheibriados
Gozag


Innate Abilities, Weirdness & Mutations

Your plain brown scales are hard. (AC +5)
Your body does not fit into most forms of armour.
You are cold-blooded and may be slowed by cold attacks.


Message History

Casting: Magic Dart
Confirm with . or Enter, or press ? or * to list all spells.
You don't have enough magic to cast that spell.
You hit the orc priest but do no damage.
You tail-slap the orc priest, but do no damage.
The orc priest is severely wounded.
The orc priest calls down the wrath of Beogh upon you.
Beogh smites you!
* * * LOW HITPOINT WARNING * * *
Casting: Magic Dart
Confirm with . or Enter, or press ? or * to list all spells.
You don't have enough magic to cast that spell.
Casting: Magic Dart
Confirm with . or Enter, or press ? or * to list all spells.
You don't have enough magic to cast that spell.
You hit the orc priest but do no damage.
The orc priest is severely wounded.
The orc priest calls down the wrath of Beogh upon you.
Beogh smites you!
You die...

...>......#..# #...........#**,,,
..#####.#..<.# #.####.####.# **,*
..## ##.....###.# #.###*,****,*
...#####.......#.# ##...#*,,,,,,*
.................###....##..***>,
#......#..[......(..._......# ***
##...............##...[###.##
##.##.#.....###.##...## *,#
###.##.#..#.## #d####.# *,*
#.).##.#..#.# #o#**#.#***,*
#...##....#.# #..,,...,,,,*
#...##...##.# ####*..##**** ***
.#.###...##.## *,## **,**
.#.###....#..# *,* **,,,*
..........##.# *,*******>,,,,
...####.#.##.# *,,,,,,,,,,,,,
##.####.#.##.# *********,,,,,


You could see an orc priest.

Vanquished Creatures
  An orc wizard (D:3)
  2 adders
  An ooze (D:2)
  2 worms
  A dart slug (D:3)
  A giant gecko (D:1)
  8 orcs
  4 bats
  2 giant cockroaches (D:3)
  6 goblins
  2 hobgoblins
  5 jackals
  5 kobolds
  A quokka (D:3)
  2 giant newts
  3 rats
46 creatures vanquished.

Notes
Turn   | Place    | Note
--------------------------------------------------------------
     0 | D:1      | tyrsky the Draconian Conjurer began the quest for the Orb.
     0 | D:1      | Reached XP level 1. HP: 14/14 MP: 3/3
   318 | D:1      | Reached XP level 2. HP: 20/20 MP: 3/5
   616 | D:2      | Found a snail-covered altar of Cheibriados.
   644 | D:2      | Reached skill level 5 in Conjurations
   644 | D:2      | Reached XP level 3. HP: 16/26 MP: 0/6
  1174 | D:3      | Reached XP level 4. HP: 33/33 MP: 0/7
  1180 | D:3      | Learned a level 4 spell: Fulminant Prism
  1962 | D:3      | Reached skill level 1 in Hexes
  2000 | D:3      | Found an opulent altar of Gozag.
  2085 | D:3      | Killed from afar by an orc priest

Vault maps used:
D:1:      minmay_arrival_shattered_statue
D:2:      cheibriados_altar_1, nemelex_lonely_heart_becter
D:3:      nicolae_overflow_crystal_walls

Skill      XL: |  1  2  3  4 |
---------------+-------------+-----
Conjurations   | 5 |  5.9
Hexes          | 1 |  1.0
Dodging        | |  1.7
Stealth        | |  1.7
Spellcasting   | |  2.0

Action                   |  1- 3 |  4- 6 || total
-------------------------+-------+-------++-------
Melee: Unarmed           |     5 |       ||     5
       Dagger            |    27 |    35 ||    62
       Tailslap          |     1 |     4 ||     5
 Cast: Magic Dart        |    71 |    68 ||   139
  Use: Scroll            |     1 |     1 ||     2
  Eat: Chunk             |     1 |     5 ||     6
Armor: Skin              |    19 |    14 ||    33
Dodge: Dodged            |    47 |    34 ||    81
